 Dungeon Crawl Stone Soup version 0.25.1-9-gc5326a611f (webtiles) character file.

Game seed: 7605584763317527285

66 lorenzova the Conjurer (level 3, 19/19 HPs)
             Began as a Deep Elf Conjurer on May 10, 2021.
             Quit the game on level 3 of the Dungeon.
             The game lasted 00:02:17 (1833 turns).

lorenzova the Conjurer (Deep Elf Conjurer)          Turns: 1833, Time: 00:02:17

Health: 19/19      AC:  2    Str:  5    XL:     3   Next: 96%
Magic:  11/11      EV: 13    Int: 20    God:
Gold:   125        SH:  0    Dex: 15    Spells: 8/11 levels left

rFire    . . .     SeeInvis .   (no weapon)
rCold    . . .     Gourm    .   (no shield)
rNeg     . . .     Faith    .   a - +0 robe
rPois    .         Spirit   .   (no helmet)
rElec    .         Reflect  .   (no cloak)
rCorr    .         Harm     .   (no gloves)
MR       .....                  (no boots)
Stlth    ++........             (no amulet)
HPRegen  0.06/turn              (no ring)
MPRegen  0.12/turn              (no ring)

@: no status effects
A: no striking features
a: no special abilities


You were on level 3 of the Dungeon.
You were not hungry.

You visited 1 branch of the dungeon, and saw 3 of its levels.

You collected 125 gold pieces.

Inventory:

Armour
 a - a +0 robe (worn)
Scrolls
 b - a scroll of immolation {unknown}
 d - 2 scrolls of blinking {unknown}
 g - a scroll of identify {unknown}
 j - a scroll of amnesia {unknown}
 k - a scroll of fear {unknown}
 l - a scroll of teleportation {unknown}
Potions
 e - a potion of flight {unknown}
 f - a potion of resistance {unknown}
 h - 2 potions of curing {unknown}
 i - a potion of mutation {unknown}
Comestibles
 c - 4 rations


   Skills:
 - Level 2.4 Dodging
 - Level 2.4 Stealth
 + Level 4.6 Spellcasting
 + Level 5.3 Conjurations


You had 8 spell levels left.
You knew the following spells:

 Your Spells              Type           Power        Failure   Level  Hunger
a - Magic Dart            Conj           ####         1%          1    None
b - Searing Ray           Conj           ####..       1%          2    #......

Your spell library contained the following spells:

 Spells                   Type           Power        Failure   Level  Hunger
 Dazzling Flash           Conj/Hex       ###...       12%         3    ##.....
 Fulminant Prism          Conj/Hex       ###.......   36%         4    ####...
 Iskenderun's Mystic Bla  Conj/Tloc      ###.....     36%         4    ####...


Dungeon Overview and Level Annotations

Branches:
Dungeon (2/15)

Altars:


Message History

The adder is almost dead.
The adder closely misses you.
Casting: Magic Dart (safe; 1% risk of failure)
Confirm with . or Enter, or press ? or * to list all spells.
Aiming: Magic Dart (safe; 1% risk of failure)
Press: ? - help, Shift-Dir - straight line, f/p - adder
Aim: an adder (almost dead)
The magic dart hits the adder.
You kill the adder!
You start resting.
Some of the chunks of flesh in your inventory have rotted away.
HP restored.
You start resting.
Eating one of 3 chunks of flesh.
You eat one of the 3 chunks of flesh.
This raw flesh tastes terrible.
Magic restored.
You see here an adder corpse.
All of the chunks of flesh in your inventory have rotted away.
Found a dagger.
Are you sure you want to abandon this character and quit the game? (Confirm with "yes".)

.........#.##.......#
)..........##W......#
........#..##.......#
#.#..##.......#
####.#..##### #.#
#...........# #.#
#...........###.###
#..................
#.@.........##.####
#...........##.#
#...........##.#
#..†........##.#
#...........##.#
#...........##.#
#...........##.#
######..............####
#.......................


There were no monsters in sight!

Vanquished Creatures
  3 adders
  2 oozes
  A worm (D:2)
  2 bats (D:1)
  2 giant cockroaches (D:2)
  3 goblins
  7 hobgoblins
  A ball python (D:2)
  A frilled lizard (D:2)
  3 kobolds (D:1)
  3 rats (D:2)
28 creatures vanquished.

Notes
Turn   | Place    | Note
-------+----------+-------------------------------------------
     0 | D:1      | lorenzova the Deep Elf Conjurer began the quest for the
                  | Orb.
     0 | D:1      | Reached XP level 1. HP: 10/10 MP: 6/6
   122 | D:1      | Reached XP level 2. HP: 15/15 MP: 5/8
  1230 | D:2      | Reached skill level 5 in Conjurations
  1230 | D:2      | Reached XP level 3. HP: 19/19 MP: 7/10
  1265 | D:2      | Learned a level 2 spell: Searing Ray
  1618 | D:2      | You fall into a shaft and drop 1 floor!
  1714 | D:3      | Noticed a hungry ghost
  1833 | D:3      | Quit the game

Illustrated notes

Levels and vault maps discovered:
D:1:      erik_arrival_blinker_ship, layout_rooms, amethyst_killhole
D:2:      layout_loops_corners
D:3:      layout_basic, amethyst_overflow_temple_binary, first_ration,
          uniq_grinder

Skill      XL: |  1  2 |
---------------+-------+-----
Spellcasting   | 4 |  4.6
Conjurations   | 5 |  5.3
Dodging        | |  2.4
Stealth        | |  2.4

Action                   || total
-------------------------++-------
 Cast: Magic Dart        ||    69
  Eat: Chunk             ||     3
Armor: Robe              ||     1
Dodge: Dodged            ||     8
